Quite Interesting Game: Commando spam vs Italian Combined Arms build with Pgrens

Match 8833673
End
Royal Engineer Section
Vickers Machine Gun Team
Vickers Machine Gun Team
Construct Section Command Post
Infantry Section
Construct Platoon Command Post
Unlock M3 Stuart Light Tanks
M3 Stuart Light Tank
Selects Air and Sea Battlegroup
Selects Commando Section Paradrop
Commando Section Paradrop
M3 Stuart Light Tank
Selects Commando LMG Section Paradrop
Commando LMG Section Paradrop
Construct Field Infirmary
6-pounder Anti-tank Gun Team
Training Center
Commando LMG Section Paradrop
Infantry Training
Selects Incendiary Bombing Run
Incendiary Bombing Run
6-pounder Anti-tank Gun Team
Commando Section Paradrop
Selects Supply Surplus
Selects Centaur Medium Tank
Incendiary Bombing Run
6-pounder Anti-tank Gun Team
6-pounder Anti-tank Gun Team
Incendiary Bombing Run
AI Takeover
Rod
Sovereign
0
0

Comments sign in to comment!

No comments posted yet!